 Dungeon Crawl Stone Soup version 0.20.0-1-g1cb1d84 (webtiles) character file.

21 straycat the Sneak (level 2, 0/21 HPs)
             Began as a Vampire Wanderer on May 26, 2017.
             Slain by a hobgoblin
             ... wielding a +0 club
              (7 damage)
             ... on level 1 of the Dungeon.
             The game lasted 00:09:05 (960 turns).

straycat the Sneak (Vampire Wanderer)                Turns: 960, Time: 00:09:05

Health: 0/21       AC:  2    Str: 13    XL:     2   Next: 62%
Magic:  3/3        EV: 12    Int: 15    God:
Gold:   20         SH:  0    Dex: 10    Spells: 2/3 levels left

rFire    . . .     SeeInvis +     - Unarmed
rCold    . . .     Gourm    .   (no shield)
rNeg     + . .     Faith    .   d - +0 robe
rPois    .         Spirit   .   (no helmet)
rElec    .         Reflect  .   (no cloak)
rCorr    .         Harm     .   (no gloves)
MR       .....                  (no boots)
Stlth    ++........             (no amulet)
Regen    0.1/turn               (no ring)
MPRegen  0.1/turn               (no ring)

@: no status effects
A: fangs 3, see invisible, unbreathing
a: no special abilities


You were on level 1 of the Dungeon.
You were not thirsty.

You visited 1 branch of the dungeon, and saw 1 of its levels.

You collected 20 gold pieces.

Inventory:

Hand Weapons
 e - a +0 club
 f - a +0 dagger
Missiles
 o - 56 stones (quivered)
 p - 24 poisoned needles
Armour
 d - a +0 robe (worn)
Scrolls
 h - a scroll of teleportation {unknown}
 i - a scroll of blinking {unknown}
 k - a scroll of random uselessness {unknown}
 l - a scroll of identify {unknown}
 n - a scroll of remove curse {unknown}
Potions
 g - 9 potions of blood
 j - a potion of curing {unknown}
 m - a potion of ambrosia {unknown}
Books
 b - the Guide on Attacks

   Spells                             Type                      Level
   a - Shock                          Conjuration/Air              1
   b - Mephitic Cloud                 Conjuration/Poison/Air       3
 c - Ihoreif's Tome of Flames

   Spells                             Type                      Level
   a - Flame Tongue                   Conjuration/Fire             1
   b - Ignite Poison                  Fire/Transmutation/Poison    3
Miscellaneous
 a - a fan of gales


   Skills:
 * Level 1.3 Fighting
 - Level 1.0 Throwing
 * Level 2.4 Dodging
 - Level 3.0 Stealth
 * Level 1.5 Unarmed Combat
 + Level 1.1 Spellcasting
 + Level 0.2 Conjurations
   Level 2.1 Transmutations
 - Level 1.0 Evocations


You had 2 spell levels left.
You knew the following spells:

 Your Spells              Type           Power        Failure   Level  Hunger
a - Shock                 Conj/Air       #...         24%         1    ##.....


Dungeon Overview and Level Annotations

Branches:
Dungeon (1/15)

Altars:


Innate Abilities, Weirdness & Mutations

You have razor-sharp teeth.
You have supernaturally acute eyesight. (SInv)
You can survive without breathing.


Message History

The hobgoblin is severely wounded.
You closely miss the hobgoblin.
The hobgoblin is severely wounded.
The hobgoblin hits you with a club.
You closely miss the hobgoblin.
The hobgoblin is severely wounded.
The hobgoblin hits you with a club.
A jackal comes into view.
You closely miss the hobgoblin. Your bite misses the hobgoblin.
The hobgoblin is heavily wounded.
The hobgoblin hits you with a club.
A jackal comes into view.
A jackal comes into view.
The jackal barks!
The jackal moves out of view.
Number of times to repeat, then command key: You must enter the number of times for the command to repeat.
The hobgoblin closely misses you. The hobgoblin hits you with a club!
You die...

#.#.# #..# #.#w# #..#
#.#.# ######..### #.#.#
........... #.#.#
#####..### #.#.#####
#..# # #.....h.# #..# #
#...###g###.########..#
#
#....h..@.............#
#
##...##.############.##
# #...##.# #.# #
#...##.# #.####
#.h###.# #.##.. #..#
#)############.....
#..#
#.##............#.#
#..#
#.##.##########.#.#
#..###.##.# #.#.#


You could see 2 jackals and a hobgoblin.

Vanquished Creatures
  A dart slug (D:1)
  A giant cockroach (D:1)
  5 goblins (D:1)
  3 hobgoblins (D:1)
  2 kobolds (D:1)
  6 rats (D:1)
18 creatures vanquished.

Notes
Turn   | Place    | Note
-------+----------+-------------------------------------------
     0 | D:1      | straycat the Vampire Wanderer began the quest for the Orb.
     0 | D:1      | straycat set off with: a fan of gales, the Guide on Attacks, Ihoreif's Tome of Flames, a +0 robe, a +0 club, a +0 dagger, a potion of blood
     0 | D:1      | Reached XP level 1. HP: 15/15 MP: 2/2
     2 | D:1      | Identified the Guide on Attacks
     2 | D:1      | Identified Ihoreif's Tome of Flames
     4 | D:1      | Learned a level 1 spell: Shock
   121 | D:1      | Reached skill level 1 in Unarmed Combat
   263 | D:1      | Reached XP level 2. HP: 12/21 MP: 0/3
   960 | D:1      | Slain by a hobgoblin

Skill      XL: |  1 |
---------------+----+-----
Unarmed Combat | 1 |  1.5
Fighting       | |  1.3
Throwing       | |  1.0
Dodging        | |  2.4
Stealth        | |  3.0
Spellcasting   | |  1.1
Conjurations   | |  0.2
Transmutations | |  2.1
Evocations     | |  1.0

Action                   || total
-------------------------++-------
Melee: Unarmed           ||    49
       Bite              ||     7
 Cast: Shock             ||    19
  Use: Potion            ||     1
 Stab: Sleeping          ||     3
Armor: Robe              ||     1
Dodge: Dodged            ||    21
